 Dungeon Crawl Stone Soup version 0.31.0-11-ge490571c62 (webtiles) character file.

Game seed: 15265683013436215276

2555 Amaterasu the Trooper (level 9, -4/73 HPs)
             Began as a Barachi Fighter on Jan 28, 2024.
             Was a Follower of Okawaru.
             Killed from afar by an orc wizard (8 damage)
             ... with a puff of flame
             ... on level 7 of the Dungeon.
             The game lasted 00:12:05 (5853 turns).

Amaterasu the Trooper (Barachi Fighter)             Turns: 5853, Time: 00:12:06

Health: -4/73      AC: 15    Str: 21    XL:     9   Next: 56%
Magic:  9/10       EV: 11    Int: 10    God:    Okawaru [*.....]
Gold:   277        SH:  6    Dex: 11    Spells: 8/8 levels left

rFire   . . .        a - +8 hand axe
rCold   . . .        c - +0 buckler
rNeg    . . .        x - +0 chain mail
rPois   +            i - +1 helmet
rElec   .            f - +0 cloak
rCorr   .            (no gloves)
SInv    +            (no boots)
Will    .....        (no amulet) Stlth
                     v - ring of poison resistance
HPRegen 0.32/turn    s - ring of see invisible
MPRegen 0.12/turn

%: no passive effects
@: heroic, unable to hop, slow
A: amphibious, slowness 1, strong legs 1, +LOS
a: Hop, Renounce Religion, Heroism


You were on level 7 of the Dungeon.
You worshipped Okawaru.
Okawaru was aware of your devotion.
You visited 1 branch of the dungeon, and saw 7 of its levels.

You collected 277 gold pieces.

Inventory:

Hand Weapons
 a - a +8 hand axe (weapon)
 g - a +4 whip
Missiles
 t - a boomerang
 w - 5 poisoned darts
Armour
 b - a +0 scale mail
 c - a +0 buckler (worn)
 f - a +0 cloak (worn)
 i - a +1 helmet (worn)
 x - a +0 chain mail (worn)
Jewellery
 s - a ring of see invisible (right hand)
 u - a ring of positive energy
 v - a ring of poison resistance (left hand)
Wands
 e - a wand of roots (10)
 n - a wand of flame (22)
Scrolls
 l - 2 scrolls of noise
 q - a scroll of teleportation
Potions
 d - a potion of might
 h - 6 potions of curing
 j - 3 potions of lignification
 k - a potion of berserk rage
 m - a potion of haste
 o - a potion of attraction
 p - 4 potions of degeneration {unknown}
 r - a potion of magic {unknown}
 z - a potion of invisibility {unknown}


   Skills:
 * Level 7.7(12.7) Fighting
 - Level 3.1(10.8) Axes
 - Level 7.6(13.0) Maces & Flails
 * Level 4.2(9.2) Throwing
 - Level 5.0(10.0) Armour
 - Level 3.0(8.0) Dodging
 - Level 5.0(10.0) Shields
 - Level 2.3 Invocations
 - Level 4.0 Evocations


You had 8 spell levels left.
You didn't know any spells.
Your spell library contained the following spells:

 Spells                   Type           Power      Damage    Failure   Level
 Sting                    Conj/Alch      0%         1d3       92%         1
 Mercury Vapours          Alch/Air       0%         N/A       98%         2
 Mephitic Cloud           Conj/Alch/Air  0%         N/A       100%        3
 Stone Arrow              Conj/Erth      0%         3d7       100%        3
 Olgreb's Toxic Radiance  Alch           0%         N/A       100%        4
 Freezing Cloud           Conj/Ice/Air   0%         6-21      100%        5
 Lehudib's Crystal Spear  Conj/Erth      0%         10d2      100%        8
 Animate Armour           Summ/Erth      Unusable   N/A       N/A         4

Dungeon Overview and Level Annotations

Branches:
Dungeon (7/15)             Temple (0/1) D:5

Altars:
Cheibriados
Dithmenos
Gozag
Okawaru

Shops:
D:1 *   D:2 !


Innate Abilities, Weirdness & Mutations

You are amphibious.
You cover ground slowly.
You can hop short distances.
You have an extended range of vision and can be seen from far away.


Message History

The wight is severely damaged.
The wight hits you with a +0 dagger.
* * * LOW HITPOINT WARNING * * *
You hit the wight.
The wight is severely damaged.
You slash the wight!
You destroy the wight!
Okawaru accepts your kill.
The bullfrog snags a nearby small bird with its tongue.
The bullfrog completely misses you.
Your life force feels restored.
You barely miss the bullfrog. You block the bullfrog's attack.
You hit the bullfrog.
The bullfrog is lightly wounded.
The bullfrog closely misses you.
You barely miss the bullfrog.
The bullfrog is lightly wounded.
The bullfrog hits you.
* * * LOW HITPOINT WARNING * * *
You closely miss the bullfrog.
The bullfrog is lightly wounded.
The bullfrog hits you but does no damage.
You slash the bullfrog!
The bullfrog is heavily wounded.
The bullfrog hits you.
* * * LOW HITPOINT WARNING * * *
The bullfrog completely misses you.
You slash the bullfrog!
You kill the bullfrog!
Okawaru accepts your kill. The orc wizard barely misses you.
You block the orc wizard's attack.
Things that are here:
a +0 dagger; a +0 robe; a bullfrog corpse You slash the orc wizard!
The orc wizard is almost dead.
You barely miss the orc wizard.
The orc wizard is almost dead.
The orc wizard casts a spell at you. The puff of flame hits you!
You die... .... #.# ..... #.# ..... #.# ....z #[# .ooo#

#.# .[.### #.# #.#.##
#.#
#.)..################.#
#.[..)...zoo@.........#
##...##################
##.## ###


You could see a wight, an orc wizard (invisible) and an orc.

Vanquished Creatures
  Grinder (D:4)
  A water moccasin (D:7)
  Duvessa (D:4)
  2 ice beasts (D:5)
  A sky beast (D:6)
  A centaur (D:5)
  2 ogres (D:6)
  A phantom (D:3)
  Blork the orc (D:4)
  A bullfrog (D:7)
  2 scorpions (D:6)
  3 wights (D:7)
  Dowan (D:4)
  A howler monkey (D:4)
  A bombardier beetle (D:3)
  4 hounds
  2 orc priests (D:5)
  A gnoll bouda (D:4)
  5 jellies
  2 sleepcaps
  Jessica (D:2)
  Natasha (thrice) (D:2)
  5 iguanas
  Ijyb (D:3)
  3 orc wizards (D:5)
  Robin (D:2)
  9 gnolls
  10 adders
  2 white imps
  2 ufetubi (D:6)
  2 ribbon worms
  4 dart slugs
  12 orcs
  5 ball pythons
  4 giant cockroaches
  13 goblins
  A hobgoblin (D:2)
  8 jackals
  4 kobolds
  A quokka (D:1)
  4 bats
  4 frilled lizards
  6 rats
139 creatures vanquished.

Notes
Turn   | Place    | Note
-------+----------+-------------------------------------------
     0 | D:1      | Amaterasu the Barachi Fighter began the quest for the Orb.
     0 | D:1      | Reached XP level 1. HP: 18/18 MP: 1/1
    76 | D:1      | Reached XP level 2. HP: 24/24 MP: 2/2
   100 | D:1      | Found Hecoas's Assorted Antiques.
   158 | D:1      | Reached skill level 1 in Maces & Flails
   313 | D:1      | Found a faded altar of an unknown god.
   520 | D:2      | Reached XP level 3. HP: 29/29 MP: 3/3
   641 | D:2      | Noticed Natasha
   658 | D:2      | Killed Natasha
   659 | D:2      | Reached XP level 4. HP: 28/36 MP: 4/4
   762 | D:2      | Noticed Jessica
   781 | D:2      | Killed Jessica
   914 | D:2      | Noticed Robin
   928 | D:2      | Killed Robin
   957 | D:2      | Reached XP level 5. HP: 41/41 MP: 5/5
   970 | D:2      | Noticed Natasha
   982 | D:2      | Killed Natasha
   985 | D:2      | Noticed Natasha
   992 | D:2      | Killed Natasha
  1043 | D:2      | Found Memoc's Distillery.
  1486 | D:3      | Identified the +0 robe "Xycakuhe" {rPois Will+ Archmagi}
  1487 | D:3      | Noticed Ijyb
  1497 | D:3      | Killed Ijyb
  1498 | D:3      | Reached skill level 1 in Dodging
  1498 | D:3      | Reached XP level 6. HP: 16/48 MP: 6/6
  1995 | D:4      | Noticed Grinder
  2013 | D:4      | Noticed Blork the orc
  2131 | D:4      | Killed Grinder
  2132 | D:4      | Reached skill level 5 in Fighting
  2132 | D:4      | Reached skill level 5 in Armour
  2132 | D:4      | Reached XP level 7. HP: 39/56 MP: 7/7
  2155 | D:4      | Killed Blork the orc
  2439 | D:4      | Found a snail-covered altar of Cheibriados.
  2445 | D:4      | Noticed Duvessa
  2445 | D:4      | Noticed Dowan
  2472 | D:4      | Killed Duvessa
  2473 | D:4      | Reached skill level 5 in Shields
  2473 | D:4      | Reached skill level 1 in Evocations
  2497 | D:4      | Killed Dowan
  2498 | D:4      | Reached skill level 5 in Maces & Flails
  2498 | D:4      | Reached XP level 8. HP: 21/64 MP: 8/8
  2922 | D:4      | Found an iron altar of Okawaru.
  2940 | D:4      | Became a worshipper of Warmaster Okawaru
  3181 | D:5      | Entered Level 5 of the Dungeon
  3309 | D:5      | HP: 3/64 [acid (5)]
  3930 | D:5      | Found a staircase to the Ecumenical Temple.
  3967 | D:5      | Reached * piety under Okawaru
  4425 | D:6      | Reached XP level 9. HP: 62/69 MP: 9/9
  4460 | D:6      | Found an opulent altar of Gozag.
  4594 | D:6      | Reached skill level 1 in Invocations
  4743 | D:6      | Found a shadowy altar of Dithmenos.
  5849 | D:7      | HP: 2/72 [bullfrog (5)]
  5853 | D:7      | Killed from afar by an orc wizard

Illustrated notes

Levels and vault maps discovered:
D:1:      psy_arrival_conway, layout_rooms, hellmonk_ecumenical_altar_run_dry,
          serial_shops, shop
D:2:      layout_basic, serial_shops, shop, uniq_robin, uniq_natasha,
          uniq_jessica
D:3:      layout_rooms, uniq_ijyb
D:4:      layout_cave_pools, kennysheep_little_box, cheibriados_altar_1,
          uniq_duvessa, uniq_grinder, uniq_blork_the_orc
D:5:      layout_basic, minmay_temple_entry_purple_smoke,
          grunt_decor_one_mirror, minmay_misc_feat_secret_circle
D:6:      layout_loops_corners, nicolae_dithmenos_shadow_blocks,
          mainiacjoe_overflow_catwalk
D:7:      kennysheep_steamy, layout_loops_ring, grunt_ministairs_1

Skill      XL: |  1  2  3  4  5  6  7  8  9 |
---------------+----------------------------+-----
Axes           | 3 |  3.1
Maces & Flails | 1 3 4 5 7 |  7.6
Armour         | 4 5 |  5.0
Fighting       | 4 5 6 7 |  7.7
Dodging        | 1 2 3 |  3.0
Shields        | 4 5 |  5.0
Evocations     | 1 4 |  4.0
Throwing       | 2 4 |  4.2
Invocations    | 2 |  2.3

Action                     |  1- 3 |  4- 6 |  7- 9 || total
---------------------------+-------+-------+-------++-------
  Melee: War axe           |    17 |       |       ||    17
         Whip              |    41 |   183 |   433 ||   657
         Hand axe          |       |       |    13 ||    13
 Invoke: Heroism           |       |       |     2 ||     2
Ability: Hop               |     1 |       |     7 ||     8
  Evoke: Wand              |       |       |     5 ||     5
    Use: Scroll            |     5 |     7 |     2 ||    14
 Armour: Scale mail        |    41 |   108 |   227 ||   376
         Chain mail        |       |       |    64 ||    64
  Dodge: Dodged            |    27 |    82 |   163 ||   272
  Block: Buckler           |    15 |    44 |    84 ||   143
